 Dungeon Crawl Stone Soup version bcrawl-1.19.2-6-g6a88ae04c9 (webtiles) character file.

Game seed: 8422649457424873879

102 Mrkan the Skirmisher (level 4, -9/41 HPs)
             Began as a Minotaur Fighter on Jan 5, 2020.
             Was an Initiate of Trog.
             Killed by divine providence
             ... invoked by an orc priest
              (14 damage)
             ... on level 3 of the Dungeon.
             The game lasted 00:04:11 (1514 turns).

Mrkan the Skirmisher (Minotaur Fighter)             Turns: 1514, Time: 00:04:12

Health: -9/41      AC:  8    Str: 20    XL:     4   Next: 49%
Magic:  3/3        EV:  7    Int:  5    God:    Trog [......]
Gold:   138        SH: 10    Dex: 11    Spells: 3/3 levels left

rFire    . . .     SeeInvis .   a - +0 long sword
rCold    . . .     Gourm    .   c - +0 shield
rNeg     . . .     Faith    .   b - +0 scale mail
rPois    .         Spirit   .   (helmet restricted)
rElec    .         Reflect  .   (no cloak)
rCorr    .         Harm     .   j - +0 pair of gloves
MR       .....                  (no boots)
Stlth    ..........             (no amulet)
HPRegen  0.13/turn              (no ring)
MPRegen  0.08/turn              (no ring)

@: no status effects
A: retaliatory headbutt, horns 2
a: Renounce Religion


You were on level 3 of the Dungeon.
You worshipped Trog.
Trog was noncommittal.
You were not hungry.

You visited 1 branch of the dungeon, and saw 3 of its levels.

You collected 138 gold pieces.

Inventory:

Hand Weapons
 a - a +0 long sword (weapon)
Armour
 b - a +0 scale mail (worn)
 c - a +0 shield (worn)
 j - a +0 pair of gloves (worn)
 x - a +0 pair of boots
Jewellery
 g - an uncursed ring of fire {unknown}
 m - an uncursed ring of positive energy {unknown}
 y - an uncursed amulet of rage {unknown}
Wands
 s - a wand of disintegration (15)
Scrolls
 h - 2 scrolls of fear {unknown}
 i - a scroll of amnesia {unknown}
 n - a scroll of identify {unknown}
 o - a scroll of blinking {unknown}
 p - 2 scrolls of teleportation {unknown}
 u - a scroll of remove curse {unknown}
 w - a scroll of immolation {unknown}
Potions
 d - a potion of might
 e - a potion of degeneration {unknown}
 k - a potion of heal wounds {unknown}
 l - 2 potions of curing {unknown}
 q - a potion of flight {unknown}
 r - a potion of lignification {unknown}
 t - 2 potions of magic {unknown}
 v - a potion of berserk rage {unknown}
Comestibles
 f - 6 rations {!d}
 z - 4 chunks of flesh


   Skills:
 + Level 4.3 Fighting
 * Level 4.1 Long Blades
 + Level 4.2 Armour
 + Level 4.3 Shields


You had 3 spell levels left.
You didn't know any spells.
Your spell library was empty.

Dungeon Overview and Level Annotations

Branches:
Dungeon (3/12)

Altars:
Fedhas
Trog


Innate Abilities, Weirdness & Mutations

You reflexively headbutt those who attack you in melee.
You have a pair of horns on your head.


Message History

Trog appreciates your killing of a magic user.
Your Long Blades skill increases to level 4!
You hit the orc.
The orc is heavily wounded.
The orc closely misses you. You furiously retaliate!
You headbutt the orc!
You kill the orc!
Trog accepts your kill.
The orc priest mumbles some strange prayers to Beogh against you.
Pain shoots through your body!
* * * LOW HITPOINT WARNING * * *
Items here: )) [[[ † You hit the orc priest.
The orc priest is lightly wounded.
The orc priest barely misses you. You furiously retaliate!
You headbutt the orc priest. You closely miss the orc priest.
Your headbutt misses the orc priest.
The orc priest is heavily wounded.
The orc priest invokes the aid of Beogh against you.
Beogh smites you!
You die...

#......###..#
#.##...###..#
#.##........#
#....#.####>###
#..###.##.†...#
#..###.##.....#
#......##.....#
##)######.....#
#..Ko@..#.....#
#..####.#######
#..### .#
#.o..# .#
#....o...
#........
##.#.##..#
#.#......
.####.


You could see an orc priest and a kobold.

Vanquished Creatures
  An orc wizard (D:3)
  An adder (D:3)
  An ooze (D:2)
  2 dart slugs (D:1)
  A leopard gecko (D:2)
  6 orcs (D:3)
  2 bats (D:1)
  A giant cockroach (D:2)
  8 goblins
  9 hobgoblins
  7 kobolds
  A quokka (D:2)
  2 ball pythons (D:2)
  A frilled lizard (D:1)
  7 rats
50 creatures vanquished.

Notes
Turn   | Place    | Note
-------+----------+-------------------------------------------
     0 | D:1      | Mrkan the Minotaur Fighter began the quest for the Orb.
     0 | D:1      | Reached XP level 1. HP: 19/19 MP: 0/0
   222 | D:1      | Reached XP level 2. HP: 27/27 MP: 1/1
   623 | D:2      | Found a faded altar of an unknown god.
   696 | D:2      | Reached XP level 3. HP: 32/33 MP: 2/2
   855 | D:2      | Found a bloodstained altar of Trog.
   903 | D:2      | Became a worshipper of Trog the Wrathful
  1290 | D:3      | Found a blossoming altar of Fedhas.
  1468 | D:3      | Reached XP level 4. HP: 38/40 MP: 3/3
  1514 | D:3      | Killed from afar by an orc priest

Skill      XL: |  1  2  3  4 |
---------------+-------------+-----
Long Blades    | 3 4 |  4.1
Fighting       | 4 |  4.3
Armour         | 4 |  4.2
Shields        | 4 |  4.3

Action                   |  1- 3 |  4- 6 || total
-------------------------+-------+-------++-------
Melee: Long sword        |   103 |    20 ||   123
       Headbutt          |     8 |     4 ||    12
  Eat: Chunk             |     2 |       ||     2
Armor: Scale mail        |    64 |     4 ||    68
Dodge: Dodged            |    38 |     6 ||    44
Block: Shield            |    67 |     3 ||    70
